 Dungeon Crawl Stone Soup version 0.28-a0-268-g3f656e82c2 (webtiles) character file.

Game seed: 361412400717682492

70809 speeev33 the Fighter (level 14, -7/128 HPs)
             Began as a Palentonga Fighter on Aug 28, 2021.
             Was a High Priest of Trog.
             Succumbed to a spriggan rider's curare-tipped dart
             ... on level 1 of the Swamp.
             The game lasted 01:20:07 (26573 turns).

speeev33 the Fighter (Palentonga Fighter)          Turns: 26573, Time: 01:20:08

Health: -7/128     AC: 21    Str: 40    XL:     14   Next: 95%
Magic:  4/4        EV:  6    Int:  9    God:    Trog [*****.]
Gold:   391        SH: 17    Dex:  8    Spells: 13/13 levels left

rFire   + + .      SeeInvis +   a - +6 war axe (antimagic)
rCold   x . .      Faith    .   c - +1 kite shield
rNeg    + . .      Spirit   .   K - +1 fire dragon scales of Mewanir {rF++ rC- Will- Regen+ rCorr Slay+5}
rPois   .          Reflect  +   (no helmet)
rElec   .          Harm     +   S - +2 cloak {rCorr}
rCorr   +          Rampage  .   R - +2 pair of gloves "Jate" {Harm rN+ Str+4 Dex-2}
Will    .....                   G - +2 barding {Stlth+}
Stlth   ..........              J - amulet of reflection
HPRegen 1.31/turn               C - +6 ring of strength
MPRegen 0.09/turn               y - +6 ring of strength

@: lethally poisoned (-7 -> -40), slowed, very slow
A: large, rugged brown scales 3, see invisible, deformed body, roll 1, armoured
tail, reflexive curl
a: Rolling Charge, Renounce Religion, Berserk, Trog's Hand, Brothers in Arms


You were on level 1 of the Swamp.
You worshipped Trog.
Trog was extremely pleased with you.
You visited 4 branches of the dungeon, and saw 22 of its levels.
You also visited: Ossuary.

You collected 1966 gold pieces.
You spent 1575 gold pieces at shops.

Inventory:

Hand Weapons
 a - a +6 antimagic war axe (weapon)
 b - a +0 morningstar
 M - a +0 broad axe
Missiles
 e - 3 atropa-tipped darts
 o - 5 curare-tipped darts
 Q - a throwing net
Armour
 c - a +1 kite shield (worn)
 G - a +2 barding of stealth (worn)
 K - the +1 fire dragon scales of Mewanir (worn) {rF++ rC- Will- Regen+ rCorr Slay+5}
   (You found it on level 3 of the Lair of Beasts)

   Slay:      It affects your accuracy & damage with ranged weapons and melee
   (+5).
   rF:        It greatly protects you from fire.
   rC:        It makes you vulnerable to cold.
   Regen:     It increases your rate of health regeneration.
   rCorr:     It protects you from acid and corrosion.
   Will:      It decreases your willpower.
 R - the +2 pair of gloves "Jate" (worn) {Harm rN+ Str+4 Dex-2}
   (You bought it in a shop on level 2 of the Orcish Mines)

   Str:       It affects your strength (+4).
   Dex:       It affects your dexterity (-2).
   rN:        It protects you from negative energy.
   Harm:      It increases damage dealt and taken.
 S - a +2 cloak of preservation (worn)
Jewellery
 x - a ring of flight
 y - a +6 ring of strength (right hand)
 C - a +6 ring of strength (left hand)
 F - the amulet of the Catamount {Spirit Will- Dex+5}
   (You found it on level 6 of the Lair of Beasts)

   [amulet of guardian spirit]

   It causes incoming damage to be divided between your reserves of health and
   magic.
   Dex:       It affects your dexterity (+5).
   Will:      It decreases your willpower.
 J - an amulet of reflection (around neck)
Wands
 h - a wand of flame (105)
 n - a wand of mindburst (13)
 p - a wand of iceblast (15)
 s - a wand of acid (12)
 D - a wand of paralysis (6)
 N - a wand of polymorph (7)
Scrolls
 i - 2 scrolls of enchant weapon
 k - 12 scrolls of teleportation
 t - 2 scrolls of identify
 B - 2 scrolls of magic mapping
 O - a scroll of fog
Potions
 d - 3 potions of might
 f - 2 potions of haste
 g - 4 potions of lignification
 j - a potion of heal wounds
 l - 5 potions of attraction
 m - 14 potions of curing
 q - 2 potions of ambrosia
 r - 2 potions of resistance
 u - a potion of cancellation
 v - 4 potions of mutation {unknown}
 w - 6 potions of magic
 z - 10 potions of flight
 A - 2 potions of berserk rage
 E - 2 potions of degeneration
Miscellaneous
 H - a lightning rod (4/4)
 I - a lightning rod (4/4)
 L - a box of beasts


   Skills:
 + Level 14.1 Fighting
 + Level 14.0 Axes
 - Level 3.1 Armour
 + Level 12.1 Shields
 - Level 10.0 Evocations


You had 13 spell levels left.
You didn't know any spells.
Your spell library was empty.

Dungeon Overview and Level Annotations

Branches:
Dungeon (12/15)            Temple (0/1) D:7            Lair (6/6) D:11
  Swamp (2/4) Lair:3       Spider (0/4) Lair:4        Slime (0/5) Lair:5
    Orc (2/2) D:12            Elf (0/3) Orc:2       Ossuary (visited)

Altars:
Cheibriados
Dithmenos
Fedhas
Gozag
Kikubaaqudgha
Makhleb
Ru
Sif Muna
Trog
Uskayaw
Wu Jian
Xom
Zin
The Shining One
Beogh

Shops:
D:3 *   D:5 (*   D:7 =   D:8 *   D:9 *(=*   D:10 *:   Orc:1 (   Orc:2 [*[(

Annotations:
Lair:1 2 transporters, jejorda2's ghost, journeyman TeBe
Lair:4 2 transporters, Murgh's ghost, journeyman MiBe


Innate Abilities, Weirdness & Mutations

You are completely covered in rugged brown scales. (AC +3, +7% HP)
You have supernaturally acute eyesight. (SInv)
Armour fits poorly on your strangely shaped body.
You can roll at nearby foes to attack.
You have a long armoured tail.
You curl defensively after being hit.


Message History

You block the goliath frog's attack.
You miss the goliath frog. You tail-slap the goliath frog!
You kill the goliath frog!
Trog accepts your kill.
You feel very sick. You block the spriggan rider's attack.
The spriggan rider hits you from afar with a +0 spear!
The spriggan rider hits you from afar with a +0 spear of venom!
You are more poisoned.
You feel extremely sick.
The spriggan rider hits you from afar with a +0 spear.
The spriggan rider hits you but does no damage.
You are more poisoned.
You block the spriggan rider's attack.
You feel extremely sick.
The spriggan rider throws a curare-tipped dart.
The curare-tipped dart hits you.
You are more poisoned.
You have difficulty breathing.
You feel yourself slow down.
The spriggan rider hits you from afar with a +0 spear of venom.
You block the spriggan rider's attack.
There is a stone staircase leading up, spattered with blood here.
You feel extremely sick.
The spriggan rider throws a curare-tipped dart.
You reflect the curare-tipped dart off an invisible shield around you!
The curare-tipped dart misses the spriggan rider.
The spriggan rider hits you but does no damage.
You are more poisoned.
The spriggan rider hits you but does no damage.
The spriggan rider throws a curare-tipped dart.
The curare-tipped dart hits you.
You are more poisoned.
You have difficulty breathing.
* * * LOW HITPOINT WARNING * * *
You feel as though you will be slow longer.
The spriggan rider hits you from afar with a +0 spear!
* * * LOW HITPOINT WARNING * * *
You block the spriggan rider's attack.
You climb upwards.
You die...

♣ ♣♣ ♣♣♣♣♣ ≈♣ ♣♣♣♣.≈.♣♣ .♣
♣....≈..♣ ≈♣♣♣♣ ♣.≈≈..≈≈♣
....♣ ♣♣..@.♣♣♣♣♣♣ .≈≈.♣
♣♣♣....≈≈.≈♣ ..≈.♣
♣.≈.≈≈.≈≈≈.♣♣ .≈≈♣♣♣♣♣
♣♣♣♣..≈≈≈≈≈≈≈≈.♣
.......♣♣♣§≈♣♣♣.≈≈≈≈≈≈≈.♣♣
..≈≈≈......≈♣♣[≈.≈§≈≈≈≈≈≈♣
§.≈≈≈...≈≈≈.♣♣.≈≈.≈≈≈≈≈≈♣♣
.≈≈.....≈≈≈.♣♣..≈.≈.≈≈≈.♣
.≈≈≈≈≈..≈≈≈.≈.≈.≈§≈..≈≈§♣


There were no monsters in sight!

Vanquished Creatures
  2 eleionomae (Swamp:1)
  An ettin (Orc:2)
  The ghost of Lenagic the Cleaver, a journeyman VSBe of Trog (Lair:3)
  7 hydras
  3 boulder beetles
  2 catoblepae
  A merfolk avatar (Lair:6)
  Harold (Orc:1)
  4 two-headed ogres
  9 alligators
  An orc high priest (Orc:1)
  3 goliath frogs
  A sea snake (Lair:6)
  Pikel (D:8)
  2 orc knights (Orc:2)
  2 spriggan druids (Swamp:1)
  A harpy (Lair:6)
  An orb spider (Lair:4)
  2 will-o-the-wisps (Swamp:1)
  A cyclops (D:7)
  A manticore (D:11)
  5 elephants (Lair:6)
  An orc sorcerer (Orc:1)
  3 black mambas
  A torpor snail (Lair:5)
  Maggie (D:7)
  11 cane toads
  A gargoyle (D:11)
  A kobold demonologist (D:11)
  11 komodo dragons
  An unseen horror (D:9)
  6 rime drakes
  8 polar bears
  3 trolls
  A wind drake (Lair:6)
  7 slime creatures
  3 tyrant leeches
  15 blink frogs
  A hornet (Lair:6)
  2 snapping turtles (Lair:6)
  A vampire (D:10)
  Sigmund (D:3)
  3 shadows
  3 wraiths (D:10)
  3 basilisks
  27 yaks
  6 wyverns
  3 steam dragons
  Menkaure (D:7)
  2 wargs (Orc:1)
  4 swamp worms
  Duvessa (D:4)
  22 water moccasins
  A swamp drake (Swamp:1)
  32 orc warriors
  8 black bears
  An ice beast (D:7)
  A necrophage (D:4)
  10 ogres
  16 wolves
  10 centaurs
  A phantom (D:5)
  A lemure (D:8)
  2 kobold brigands
  18 bullfrogs
  3 scorpions
  3 gnoll sergeants
  Dowan (D:4)
  4 killer bees (D:9)
  9 electric eels
  A bullfrog zombie (D:6)
  3 centaur zombies
  8 hounds
  A bullfrog skeleton (D:4)
  3 jellies
  16 orc priests
  A centaur skeleton (D:7)
  3 gnoll shamans
  7 iguanas
  11 orc wizards
  A scorpion zombie (D:5)
  A killer bee zombie (D:5)
  A hound skeleton (D:4)
  9 mummies
  20 gnolls
  7 adders
  2 howler monkey skeletons
  A white imp (D:7)
  4 ufetubi
  3 adder skeletons (D:4)
  2 worms (D:4)
  3 dart slugs
  68 orcs
  6 bats
  4 endoplasms
  A giant cockroach (D:1)
  3 gnoll zombies (Ossuary)
  3 hobgoblins
  15 kobolds
  3 ball pythons
  2 frilled lizards (D:2)
  3 goblins
  2 hobgoblin zombies (Ossuary)
  2 kobold zombies (Ossuary)
  An orc zombie (Ossuary)
  6 rats
  2 bushes
556 creatures vanquished.

Vanquished Creatures (collateral kills)
  2 hydras
  A tyrant leech (Swamp:1)
  3 vampire mosquitoes (Swamp:1)
6 creatures vanquished.

Vanquished Creatures (others)
  A gargoyle (D:11)
  A bloated husk (Swamp:1)
  8 foxfires
  28 fungi
  60 plants
  3 withered plants (D:1)
101 creatures vanquished.

Grand Total: 663 creatures vanquished

Notes
Turn   | Place    | Note
-------+----------+-------------------------------------------
     0 | D:1      | speeev33 the Palentonga Fighter began the quest for the
                  | Orb.
     0 | D:1      | Reached XP level 1. HP: 19/19 MP: 1/1
   332 | D:1      | Reached XP level 2. HP: 23/25 MP: 2/2
   617 | D:1      | Found a faded altar of an unknown god.
   664 | D:1      | Became a worshipper of Trog the Wrathful
   664 | D:1      | Reached * piety under Trog
  1067 | D:2      | Reached XP level 3. HP: 31/31 MP: 3/3
  1111 | D:2      | You fall into a shaft and drop 2 floors!
  1128 | D:4      | Noticed Dowan
  1129 | D:4      | Noticed Duvessa
  1140 | D:4      | Killed Dowan
  1141 | D:4      | Reached XP level 4. HP: 20/39 MP: 4/4
  1406 | D:4      | Found a bloodstained altar of Trog.
  1449 | D:4      | Killed Duvessa
  1450 | D:4      | Reached XP level 5. HP: 22/46 MP: 5/5
  1820 | D:4      | Reached ** piety under Trog
  1831 | D:4      | Noticed an ogre
  1833 | D:4      | Reached XP level 6. HP: 17/52 MP: 6/6
  2069 | D:3      | Noticed Sigmund
  2079 | D:3      | Killed Sigmund
  2080 | D:3      | Reached skill level 5 in Fighting
  2292 | D:3      | Found a large runed translucent door.
  2294 | D:3      | Found a large runed translucent door.
  2296 | D:3      | Found a shimmering altar of Xom.
  2701 | D:3      | Found Wugyz's General Store.
  2708 | D:3      | Bought a scroll of identify for 28 gold pieces
  2718 | D:3      | Gained mutation: You curl defensively after being hit.
                  | [Palentonga growth]
  2718 | D:3      | Reached XP level 7. HP: 57/59 MP: 7/7
  3233 | D:4      | Reached skill level 5 in Axes
  3671 | D:4      | Found a shadowy altar of Dithmenos.
  3894 | D:4      | Found a burning altar of Makhleb.
  3985 | D:4      | Reached skill level 5 in Shields
  3989 | D:4      | Reached XP level 8. HP: 61/68 MP: 8/8
  4085 | D:5      | Entered Level 5 of the Dungeon
  4108 | D:5      | Found a shimmering blue altar of Sif Muna.
  4465 | D:5      | Reached *** piety under Trog
  4612 | D:5      | Identified the +1 ring mail of Grottiness {Rampage Str+2
                  | Int+4}
  4960 | D:5      | Found Peikej's Weapon Emporium.
  5191 | D:5      | Found Teterav's Serpentskin Sales.
  5494 | D:6      | Reached XP level 9. HP: 13/77 MP: 9/9
  5710 | D:6      | Found a sand-covered staircase.
  5720 | Ossuary  | Entered an ossuary
  6038 | Ossuary  | Reached **** piety under Trog
  6317 | D:5      | Bought a +2 plate armour of poison resistance for 407 gold
                  | pieces
  6450 | D:6      | Found an ancient bone altar of Kikubaaqudgha.
  6450 | D:6      | Found a sacrificial altar of Ru.
  6637 | D:6      | Found a snail-covered altar of Cheibriados.
  6637 | D:6      | Found a glowing silver altar of Zin.
  6638 | D:6      | Found an opulent altar of Gozag.
  6782 | D:7      | Found a staircase to the Ecumenical Temple.
  6849 | D:7      | Noticed Menkaure
  6855 | D:7      | Killed Menkaure
  7614 | D:7      | Found Fic Woir's Jewellery Boutique.
  7615 | D:7      | Noticed a cyclops
  7615 | D:7      | Noticed Maggie
  7796 | D:7      | Killed a cyclops
  7797 | D:7      | Reached skill level 1 in Evocations
  7960 | D:7      | Killed Maggie
  8217 | D:8      | Found Poolud's Assorted Antiques.
  8219 | D:8      | Noticed Pikel
  8227 | D:8      | Killed Pikel
  8228 | D:8      | Reached XP level 10. HP: 86/87 MP: 10/10
  8968 | D:9      | Found Piuchap's Antique Weapon Shoppe.
  8999 | D:9      | Noticed a two-headed ogre
  8999 | D:9      | Noticed a two-headed ogre
  9005 | D:9      | Killed a two-headed ogre
  9013 | D:9      | Killed a two-headed ogre
  9408 | D:9      | Found Niteke's General Store.
  9954 | D:9      | Found Culach's Assorted Antiques.
 10143 | D:9      | Found Vyschiy's Jewellery Shop.
 10225 | D:9      | Found a blossoming altar of Fedhas.
 10275 | D:10     | Entered Level 10 of the Dungeon
 10355 | D:10     | Found Byugulox's Changing Room.
 10504 | D:10     | Found a hide-covered altar of Uskayaw.
 10842 | D:10     | Found an ornate altar of the Wu Jian Council.
 10858 | D:10     | Found a glowing golden altar of the Shining One.
 11047 | D:10     | Found Keco's Book Emporium.
 11056 | D:10     | Reached XP level 11. HP: 96/96 MP: 11/11
 11467 | D:11     | Reached skill level 5 in Evocations
 11892 | D:11     | Reached skill level 10 in Fighting
 12038 | D:11     | Noticed a two-headed ogre
 12044 | D:11     | Killed a two-headed ogre
 12237 | D:11     | Reached ***** piety under Trog
 12317 | D:11     | Found a staircase to the Lair.
 12748 | D:11     | Reached skill level 10 in Axes
 13204 | D:11     | Noticed an ogre mage
 13205 | D:11     | Noticed a deep elf pyromancer
 13209 | D:11     | Noticed an orc knight
 13211 | D:11     | Noticed a six-headed hydra
 13212 | D:11     | Noticed an ice dragon
 13232 | D:11     | Noticed a two-headed ogre
 13647 | Lair:1   | Entered Level 1 of the Lair of Beasts
 14381 | Lair:1   | Noticed jejorda2's ghost (journeyman TeBe)
 14495 | Lair:1   | Found a transporter.
 14495 | Lair:1   | Found a transporter.
 15150 | Lair:2   | Reached XP level 12. HP: 105/105 MP: 12/12
 15504 | D:9      | Bought an amulet of reflection for 480 gold pieces
 15676 | Lair:2   | Identified the +5 shortbow of Yredelemnul's Grace {venom,
                  | rN+ Will+ Int+4}
 16049 | Lair:2   | Noticed a six-headed hydra
 16059 | Lair:2   | Killed a six-headed hydra
 16805 | Lair:3   | Noticed a catoblepas
 16812 | Lair:3   | Killed a catoblepas
 17255 | Lair:3   | Found a staircase to the Swamp.
 17386 | Lair:3   | Noticed a four-headed hydra
 17398 | Lair:3   | Killed a four-headed hydra
 17577 | Lair:3   | Noticed a seven-headed hydra
 17586 | Lair:3   | Killed a nine-headed hydra
 17587 | Lair:3   | Reached skill level 10 in Shields
 18574 | Lair:3   | Found a large runed translucent door.
 18574 | Lair:3   | Found a large runed translucent door.
 18578 | Lair:3   | Noticed Lenagic's ghost (journeyman VSBe)
 18597 | Lair:3   | Killed Lenagic's ghost
 18780 | Lair:3   | Identified the +1 fire dragon scales of Mewanir {rF++ rC-
                  | Will- Regen+ rCorr Slay+5}
 19006 | Lair:3   | Noticed a four-headed hydra
 19009 | Lair:3   | Killed a four-headed hydra
 19162 | Lair:4   | Noticed a catoblepas
 19164 | Lair:4   | Reached XP level 13. HP: 114/114 MP: 13/13
 19387 | Lair:4   | Found a hole to the Spider Nest.
 19569 | Lair:4   | Noticed Murgh's ghost (journeyman MiBe)
 19571 | Lair:4   | Found a transporter.
 19585 | Lair:4   | Found a transporter.
 19910 | Lair:5   | Received a gift from Trog
 20280 | Lair:5   | Found a staircase to the Slime Pits.
 20974 | Lair:6   | Entered Level 6 of the Lair of Beasts
 21540 | Lair:6   | Identified the +11 quarterstaff "Raovunop" {vorpal, Str+2}
                  | (Trog gifted it to you on level 6 of the Lair of Beasts)
 21540 | Lair:6   | Received a gift from Trog
 21764 | Lair:6   | Reached XP level 14. HP: 121/124 MP: 4/14
 21853 | Lair:6   | Identified the amulet of the Catamount {Spirit Will- Dex+5}
 22275 | D:12     | Found a staircase to the Orcish Mines.
 22524 | D:12     | Reached skill level 10 in Evocations
 22546 | Orc:1    | Entered Level 1 of the Orcish Mines
 22568 | Orc:1    | Found Keosulid's Weapon Emporium.
 22640 | Orc:1    | Noticed Harold
 22691 | Orc:1    | Killed Harold
 23026 | Orc:2    | Entered Level 2 of the Orcish Mines
 24488 | Orc:2    | Found a bloodstained altar of Trog.
 24561 | Orc:2    | Found a staircase to the Elven Halls.
 24784 | Orc:2    | Received a gift from Trog
 24888 | Orc:2    | Found Cinimis's Armour Shop.
 24888 | Orc:2    | Found Celypsoc's Assorted Antiques.
 24890 | Orc:2    | Found Qanaem's Antique Armour Shoppe.
 24892 | Orc:2    | Found Fasmoig's Antique Weapon Boutique.
 24927 | Orc:2    | Bought a scroll labelled CEGRAH WEIKH for 22 gold pieces
 24928 | Orc:2    | Bought a pair of faintly humming gloves for 294 gold pieces
 24928 | Orc:2    | Identified the +2 pair of gloves "Jate" {Harm rN+ Str+4
                  | Dex-2} (You bought it in a shop on level 2 of the Orcish
                  | Mines)
 24937 | Orc:2    | Bought a +2 cloak of preservation for 344 gold pieces
 25733 | Swamp:1  | Entered Level 1 of the Swamp
 26249 | Swamp:1  | You fall into a shaft and drop 1 floor!
 26573 | Swamp:1  | Succumbed to a spriggan rider's curare-tipped dart

Illustrated notes

Levels and vault maps discovered:
D:1:      eino_arrival_tree_alley, layout_loops_ring,
          shapermc_ecumenical_altar_flowoftime
D:2:      kb_forest_paths, layout_basic
D:3:      due_chaos_kobolds, layout_basic, serial_shops, shop, uniq_sigmund
D:4:      layout_basic, mainiacjoe_overflow_catwalk,
          makhleb_blood_cavern_becter, mainiacjoe_overflow_brackets,
          uniq_duvessa
D:5:      layout_rooms, mainiacjoe_overflow_boulevard, serial_shops, shop,
          minmay_statues_item, guppyfry_shop_venom
D:6:      minmay_skewed_foursquare, layout_cave_pools,
          gammafunk_temple_overflow_claw, amethyst_overflow_temple_binary,
          gup_ossuary_entry_pyramid
D:7:      layout_gridville, minmay_temple_entry_statues, serial_shops,
          nicolae_shop_crystal, st_stairs_1, uniq_menkaure, uniq_maggie
D:8:      layout_loops_cross, serial_shops, shop, minmay_liquid_box, uniq_pikel
D:9:      layout_roguey, fedhas_altar_2, serial_shops,
          nicolae_shop_overgrown_old_shop, nicolae_square_shop, shop,
          nicolae_shop_waterfront
D:10:     layout_loops_ring, old_standard_altar,
          mainiacjoe_overflow_catwalk_spiral, serial_shops,
          nicolae_lakefront_shop, nicolae_transmutations_shop, dk_noncrumbling_3
D:11:     layout_loops_corners, erik_lair_island,
          onia_ninara_dug_in_and_dangerous
D:12:     layout_roguey, david_orc_2, drop_trap, uniq_frances, uniq_psyche
Lair:1:   beast_lair_carwin_large_3, layout_small_grid, gammafunk_ghost_hive
Lair:2:   layout_chaotic_city
Lair:3:   layout_regular_city, swamp_mist_pool, ebering_ghost_disaster_area,
          beast_lair_carwin_9, serial_bayou_shore_a, grunt_megastairs_3
Lair:4:   layout_roguey, nicolae_spider_entry_orb_guardian,
          gammafunk_ghost_berserking_beasts, grunt_megastairs_5,
          infiniplex_staircase_pool
Lair:5:   layout_regular_city, minmay_slime_entry_pillars
Lair:6:   gammafunk_lair_ancient_temple, layout_regular_city,
          serial_bayou_pond_d, chequers_serial_rivers_micro_c,
          nzn_sisyphean_effort, infiniplex_staircase_pool_2
Swamp:1:  layout_basic_swamp, evilmike_swamp_ruin_house_5,
          nicolae_swamp_some_circles
Swamp:2:  layout_basic_swamp, evilmike_swamp_ruin_rubble_1, uniq_aizul
Orc:1:    layout_caves, serial_shops, nicolae_shop_behind_doors, uniq_harold
Orc:2:    st_orc_rangers, layout_caves, basic_altar, minmay_orc_temple_b

Skill      XL: |  1  2  3  4  5  6  7  8  9 10 11 12 13 14 |
---------------+-------------------------------------------+-----
Axes           | 3 4 5 7 8 9 10 11 12 14 | 14.0
Shields        | 3 4 5 6 7 8 9 10 11 12 | 12.1
Fighting       | 4 5 6 7 8 9 10 11 12 14 | 14.1
Armour         | 3 |  3.1
Evocations     | 2 4 6 8 9 10 | 10.0

Action                   |  1- 3 |  4- 6 |  7- 9 | 10-12 | 13-15 || total
-------------------------+-------+-------+-------+-------+-------++-------
Melee: War axe           |    75 |    74 |   271 |   495 |   499 ||  1414
       Tailslap          |     8 |     5 |    44 |   118 |   132 ||   307
       Morningstar       |       |       |       |    21 |    26 ||    47
       Broad axe         |       |       |       |     7 |    55 ||    62
Invok: Berserk           |     1 |     3 |    10 |    16 |     8 ||    38
       Trog's Hand       |       |       |     1 |       |     1 ||     2
       Brothers in Arms  |       |       |       |     1 |     1 ||     2
 Abil: Rolling Charge    |    21 |     9 |    26 |    10 |    34 ||   100
Evoke: Wand              |       |       |     4 |     8 |       ||    12
  Use: Scroll            |       |     5 |    13 |     3 |     5 ||    26
       Potion            |       |       |       |     1 |     2 ||     3
 Stab: Distracted        |       |       |       |       |     1 ||     1
Armor: Chain mail        |    33 |    23 |    86 |       |       ||   142
       Scale mail        |     2 |       |       |       |       ||     2
       Plate armour      |       |       |    25 |   213 |       ||   238
       Fire dragon scale |       |       |       |     2 |   243 ||   245
Dodge: Dodged            |    10 |    12 |    51 |   144 |   122 ||   339
Block: Kite shield       |    21 |    15 |   118 |   381 |   498 ||  1033
       Reflection        |       |       |       |       |    45 ||    45

Table legend: (Time is in decaauts)
 A = Elapsed time spent in this place.
 B = Non-inter-level travel time spent in this place.
 C = Inter-level travel time spent in this place.
 D = Time resting spent in this place.
 E = Time spent auto-exploring this place.
 F = Levels seen in this place.
 G = Mean time per level.
                   A        B        C        D        E       F      G
               +--------+--------+--------+--------+--------+-----+--------+
         Total |  27165 |  26223 |    942 |  11055 |   6381 |  23 | 1181.1 |
       Dungeon |  14377 |  13902 |    475 |   5909 |   3865 |  12 | 1198.1 |
          Lair |   8294 |   7894 |    400 |   3011 |   1782 |   6 | 1382.3 |
         Swamp |    886 |    875 |     11 |    292 |    220 |   2 |  443.0 |
  Orcish Mines |   3072 |   3017 |     55 |   1545 |    513 |   2 | 1536.0 |
       Ossuary |    534 |    534 |      0 |    297 |      0 |   1 |  534.0 |
               +--------+--------+--------+--------+--------+-----+--------+

Top non-repeatable levels by time:
    D:11: 2589 daAuts
  Lair:3: 2458 daAuts
   Orc:2: 2409 daAuts
     D:4: 1854 daAuts
  Lair:2: 1636 daAuts
    D:10: 1525 daAuts
     D:9: 1465 daAuts
     D:3: 1389 daAuts
     D:5: 1292 daAuts
  Lair:6: 1201 daAuts
  Lair:5: 1147 daAuts
  Lair:1: 1115 daAuts
     D:7: 1112 daAuts
     D:6: 1062 daAuts
     D:8: 860 daAuts
